 Dungeon Crawl Stone Soup version 0.23-a0-405-g368ce00 (webtiles) character file.

1591 grindst0ne the Nimble (level 8, -2/52 HPs)
             Began as an Octopode Fighter on Nov 6, 2018.
             Was a Follower of Ru.
             Slain by Duvessa
             ... wielding a +0 short sword
              (16 damage)
             ... on level 7 of the Dungeon.
             The game lasted 00:14:14 (7359 turns).

grindst0ne the Nimble (Octopode Fighter)            Turns: 7359, Time: 00:14:15

Health: -2/52      AC: -4    Str: 15    XL:     8   Next: 93%
Magic:  8/8        EV: 18    Int: 11    God:    Ru [*.....]
Gold:   361        SH: 11    Dex: 19    Spells: 7/7 levels left

rFire    . . .     SeeInvis .   t - +2 dagger (venom)
rCold    . . .     Gourm    .   b - +0 shield
rNeg     . . .     Faith    .   (helmet restricted)
rPois    +         Spirit   .   (no amulet)
rElec    .         Reflect  .   h - ring of poison resistance
rCorr    .         Harm     .   l - +6 ring of dexterity
MR       .....                  (no ring)
Stlth    +++.......             (no ring)
HPRegen  0.17/turn              (no ring)
MPRegen  0.11/turn              (no ring)
                                (no ring)
                                (no ring)

@: no status effects
A: almost no armour, stealthy swim, amphibious, 8 rings, constrict 8, camouflage
1, gelatinous body 1, reduced AC 1
a: Renounce Religion


You were on level 7 of the Dungeon.
You worshipped Ru.
Ru was aware of your devotion.
You were hungry.

You visited 2 branches of the dungeon, and saw 8 of its levels.
You also visited: Sewer and Ossuary.

You collected 361 gold pieces.

Inventory:

Hand Weapons
 a - a +0 war axe
 k - a +0 broad axe
 t - a +2 dagger of venom (weapon)
Missiles
 x - 4 tomahawks (quivered)
Armour
 b - a +0 shield (worn)
Jewellery
 h - a ring of poison resistance (left tentacle)
 l - a +6 ring of dexterity (right tentacle)
 u - an uncursed ring of fire
Wands
 n - a wand of iceblast (3)
 q - a wand of paralysis (15)
 B - a wand of clouds (5)
 D - a wand of scattershot (5)
Scrolls
 e - 2 scrolls of enchant weapon
 g - 5 scrolls of remove curse {unknown}
 o - 2 scrolls of fog
 s - 4 scrolls of amnesia
 v - 2 scrolls of enchant armour
 w - 3 scrolls of teleportation
 y - 3 scrolls of blinking
 A - 2 scrolls of magic mapping
 C - a scroll of identify
Potions
 c - 2 potions of lignification
 f - 3 potions of flight
 i - 7 potions of curing
 j - 3 potions of ambrosia
 m - 3 potions of heal wounds
 p - 7 potions of haste
 z - 3 potions of might
Comestibles
 d - 10 rations


   Skills:
 + Level 3.1 Fighting
 + Level 2.1 Axes
 + Level 8.2 Dodging
 - Level 8.2 Shields
 + Level 0.4 Evocations


You had 7 spell levels left.
You didn't know any spells.
Your spell library contained the following spells:

 Spells                   Type           Power        Failure   Level  Hunger
 Magic Dart               Conj           #...         63%         1    ##.....
 Shock                    Conj/Air       #...         63%         1    ##.....
 Searing Ray              Conj           #.....       77%         2    ###....
 Swiftness                Chrm/Air       #.......     77%         2    ###....
 Dazzling Spray           Conj/Hex       #.....       94%         3    ####...
 Static Discharge         Conj/Air       #.......     94%         3    ####...
 Airstrike                Air            #.........   100%        4    #####..
 Force Lance              Conj/Tloc      #.......     100%        4    #####..
 Fulminant Prism          Conj/Hex       #.........   100%        4    #####..
 Iskenderun's Mystic Bla  Conj           #.......     100%        4    #####..
 Lightning Bolt           Conj/Air       #.........   100%        5    ######.


Dungeon Overview and Level Annotations

Branches:
Dungeon (7/15)             Temple (1/1) D:4

Altars:
Cheibriados
Dithmenos
Fedhas
Kikubaaqudgha
Makhleb
Okawaru
Ru
Sif Muna
Vehumet
Xom
Yredelemnul
The Shining One

Shops:
D:6 [

Annotations:
D:5 exclusion: downstairs
D:7 Duvessa


Innate Abilities, Weirdness & Mutations

You cannot wear most types of armour.
You are very stealthy in the water. (Stealth+)
You are amphibious.
You can wear up to eight rings at the same time.
You can use your tentacles to constrict eight enemies at once.
Your skin changes colour to match your surroundings (Stealth+).
Your rubbery body absorbs attacks. (AC +1, EV +1)
You take slightly more damage. (AC -5)


Message History

You constrict Duvessa.
Duvessa hits you with a +0 short sword!!
Duvessa misses you.
You hit Duvessa but do no damage.
Duvessa looks as sick as possible!
Duvessa is moderately wounded.
You constrict Duvessa. Duvessa misses you.
You hit Duvessa but do no damage.
Duvessa looks as sick as possible!
Duvessa is heavily wounded.
You constrict Duvessa. Duvessa closely misses you. You block Duvessa's attack.
You hit Duvessa.
Duvessa looks as sick as possible!
Duvessa is severely wounded.
You constrict Duvessa. You block Duvessa's attack.
You hit Duvessa but do no damage.
Duvessa looks as sick as possible!
You squeeze Duvessa.
Duvessa is almost dead.
You constrict Duvessa. Duvessa hits you with a +0 short sword!
* * * LOW HITPOINT WARNING * * *
Duvessa barely misses you.
You release your grip on Duvessa.
Duvessa hits you with a +0 short sword!
You die...

######
##########....#
#....#@..#....#
#...)e...'....#
###+###..#....#
#..#....#
#..#....#
#..#....#
#..#....#
#..'....#
##'##....#


You could see Duvessa (berserk).

Vanquished Creatures
  2 sky beasts
  4 orc warriors
  A phantom (D:6)
  An ogre (D:4)
  2 bullfrogs (D:6)
  Dowan (D:7)
  A scorpion (D:7)
  A bullfrog zombie (D:6)
  2 crimson imps
  A centaur zombie (Ossuary)
  A hound (D:5)
  A human zombie (Ossuary)
  An orc priest (D:7)
  An iguana (D:5)
  2 orc wizards
  2 worker ants (D:6)
  A big kobold zombie (Ossuary)
  2 mummies (Ossuary)
  7 adders
  3 river rats (Sewer)
  A shadow imp (D:5)
  An ooze (D:4)
  An adder skeleton (D:6)
  3 adder zombies (Ossuary)
  4 worms
  2 dart slugs
  3 leopard geckos
  15 orcs
  2 bats (D:2)
  7 giant cockroaches
  4 goblins
  6 hobgoblins
  7 jackals
  5 kobolds
  A quokka (D:5)
  6 ball pythons
  6 frilled lizards
  3 goblin zombies (Ossuary)
  13 hobgoblin zombies (Ossuary)
  7 kobold zombies (Ossuary)
  A leopard gecko skeleton (D:5)
  8 orc zombies (Ossuary)
  A quokka skeleton (D:5)
  10 rats
154 creatures vanquished.

Vanquished Creatures (others)
  A hippogriff (D:6)
  A bullfrog skeleton (D:6)
2 creatures vanquished.

Grand Total: 156 creatures vanquished

Notes
Turn   | Place    | Note
-------+----------+-------------------------------------------
     0 | D:1      | grindst0ne the Octopode Fighter began the quest for the
                  | Orb.
     0 | D:1      | Reached XP level 1. HP: 16/16 MP: 1/1
   283 | D:1      | Reached XP level 2. HP: 21/21 MP: 2/2
  1016 | D:2      | Reached XP level 3. HP: 16/26 MP: 3/3
  1689 | D:2      | Reached XP level 4. HP: 28/31 MP: 4/4
  2466 | D:4      | Found a staircase to the Ecumenical Temple.
  2477 | Temple   | Entered the Ecumenical Temple
  2493 | Temple   | Became a worshipper of Ru the Awakened
  2684 | D:4      | Found a sand-covered staircase.
  2689 | Ossuary  | Entered an ossuary
  2787 | Ossuary  | Reached XP level 5. HP: 33/36 MP: 5/5
  2864 | Ossuary  | Reached skill level 5 in Dodging
  2864 | Ossuary  | Reached skill level 5 in Shields
  2869 | Ossuary  | Reached XP level 6. HP: 31/42 MP: 6/6
  3696 | D:5      | Entered Level 5 of the Dungeon
  3702 | D:5      | Gained mutation: You take slightly more damage. (AC -5) [Ru
                  | sacrifice]
  3702 | D:5      | Reached * piety under Ru
  3765 | D:5      | Noticed a sky beast
  3797 | D:5      | Killed a sky beast
  3797 | D:5      | Reached XP level 7. HP: 22/46 MP: 7/7
  3981 | D:5      | Found a glowing drain.
  3985 | Sewer    | Entered a sewer
  4469 | D:5      | Found a basalt altar of Yredelemnul.
  4469 | D:5      | Found a burning altar of Makhleb.
  4561 | D:6      | Found Raar's Armour Shoppe.
  5114 | D:6      | Reached XP level 8. HP: 26/52 MP: 8/8
  5445 | D:6      | Noticed a hippogriff
  5520 | D:6      | Killed a hippogriff
  5663 | D:6      | Found a radiant altar of Vehumet.
  6218 | D:6      | HP: 2/52 [something (12)]
  7246 | D:7      | Found a shimmering altar of Xom.
  7342 | D:7      | Noticed Duvessa
  7342 | D:7      | Noticed Dowan
  7349 | D:7      | Killed Dowan
  7359 | D:7      | Slain by Duvessa

Vault maps used:
D:1:      elethiomel_arrival_maze, nrook_mini_vaults
D:2:      wad_lake_hut
D:3:      first_ration
D:4:      minmay_temple_entry_grid, enter_ossuary_2,
          hangedman_abyss_or_decor_lesser_grid
D:5:      gammafunk_temple_overflow_elements, gup_sewer_entry_bowl
D:6:      minmay_cornered_nines, fiery_altar_vehumet, serial_shops, shop
D:7:      lemuel_crystal_altar, uniq_duvessa
Temple:   compressed_dpeg_circular_temple
Sewer:    sewer_co_cracked_pipes
Ossuary:  ossuary_tomb_1

Skill      XL: |  1  2  3  4  5  6  7  8 |
---------------+-------------------------+-----
Dodging        | 4 5 7 8 |  8.2
Shields        | 4 5 7 8 |  8.2
Fighting       | |  3.1
Axes           | |  2.1
Evocations     | |  0.4

Action                   |  1- 3 |  4- 6 |  7- 9 || total
-------------------------+-------+-------+-------++-------
Melee: War axe           |    45 |    76 |       ||   121
       Tentacles         |     9 |    28 |    51 ||    88
       Constrict         |     8 |    35 |    47 ||    90
       Dagger            |       |    34 |   159 ||   193
       Broad axe         |       |       |    13 ||    13
Invok: Sacrifice Health  |       |     1 |       ||     1
       Reject Sacrifices |       |       |     1 ||     1
Evoke: Wand              |       |       |     9 ||     9
  Use: Potion            |       |     3 |     2 ||     5
       Scroll            |       |     9 |     6 ||    15
 Stab: Sleeping          |     4 |     1 |     6 ||    11
       Distracted        |       |       |     1 ||     1
       Paralysed         |       |       |     5 ||     5
  Eat: Chunk             |     2 |     3 |     8 ||    13
       Ration            |       |     1 |     1 ||     2
Armor: Skin              |     2 |     5 |       ||     7
Dodge: Dodged            |    19 |    58 |    83 ||   160
Block: Shield            |    15 |    37 |    70 ||   122

Table legend:
 A = Non-vault XP
 B = Vault XP
 C = Vault XP percentage of total XP
 D = Non-vault monster count
 E = Vault monster count
 F = Vault count percentage of total count
                 A         B        C        D         E       F
            +---------+---------+-------+---------+---------+-------
      Total |    1915 |     358 |  15.8 |      97 |      57 |  37.0
            +---------+---------+-------+---------+---------+-------
        D:1 |      19 |       0 |   0.0 |      10 |       0 |   0.0
        D:2 |      63 |       0 |   0.0 |      21 |       0 |   0.0
        D:3 |      20 |       0 |   0.0 |      11 |       0 |   0.0
        D:4 |     177 |       0 |   0.0 |       7 |       0 |   0.0
        D:5 |     296 |      12 |   3.9 |      12 |       3 |  20.0
        D:6 |     896 |       0 |   0.0 |      21 |       0 |   0.0
        D:7 |     444 |      69 |  13.5 |      15 |       1 |   6.2
      Sewer |       0 |      78 | 100.0 |       0 |      14 | 100.0
    Ossuary |       0 |     199 | 100.0 |       0 |      39 | 100.0
            +---------+---------+-------+---------+---------+-------
